 Dungeon Crawl Stone Soup version 0.32-a0-913-g739538afd8 (webtiles) character file.

Game seed: 10203496708069947074

898 pokedragonboy the Grave Robber (level 7, -20/59 HPs)
             Began as a Mountain Dwarf Necromancer on Apr 8, 2024.
             Killed from afar by an acid dragon (32 damage)
             ... with a splash of acid
             ... on level 8 of the Dungeon.
             The game lasted 00:17:13 (5314 turns).

pokedragonboy the Grave Robber (MDNe)               Turns: 5314, Time: 00:17:13

Health: -20/59     AC:  4    Str: 11    XL:     7   Next: 79%
Magic:  1/9        EV:  5    Int: 17    God:
Gold:   277        SH:  0    Dex: 10    Spells: 2/10 levels left

rFire   . . .        a - +0 war axe
rCold   + . .        (no shield)
rNeg    . . .        B - +0 chain mail
rPois   .            (no helmet)
rElec   .            (no cloak)
rCorr   .            g - +2 pair of gloves
SInv    .            (no boots)
Will    .....        (no amulet) Stlth
                     (no ring)
HPRegen 1.09/turn    (no ring)
MPRegen 0.11/turn

%: no passive effects
@: corroded, very slightly contaminated
A: runic magic, artefact enchanting, cold resistance 1, low MP 1, regeneration 1
a: no special abilities


You were on level 8 of the Dungeon.
You visited 1 branch of the dungeon, and saw 6 of its levels.

You collected 277 gold pieces.

Inventory:

Hand Weapons
 a - a +0 war axe (weapon)
Missiles
 r - a throwing net
Armour
 g - a +2 pair of gloves (worn)
 t - a +0 plate armour
 A - a +0 buckler
 B - a +0 chain mail (worn)
 C - a +0 kite shield
Wands
 d - a wand of iceblast (12)
 v - a wand of polymorph (9)
 y - a wand of paralysis (14)
 D - a wand of digging (3)
Scrolls
 c - 2 scrolls of identify {unknown}
 f - 2 scrolls of blinking
 h - a scroll of noise {unknown}
 i - a scroll of vulnerability
 j - a scroll of enchant weapon
 k - a scroll of teleportation {unknown}
 n - 2 scrolls of fog {unknown}
 o - a scroll of amnesia {unknown}
 p - a scroll of fear {unknown}
 q - 2 scrolls of poison {unknown}
 u - a scroll of immolation {unknown}
Potions
 b - 2 potions of magic
 e - 2 potions of heal wounds {unknown}
 l - a potion of mutation
 m - a potion of might {unknown}
 s - a potion of lignification {unknown}
 w - a potion of curing {unknown}
 x - a potion of haste {unknown}
 z - a potion of invisibility {unknown}


   Skills:
 + Level 4.1 Fighting
 + Level 4.4 Axes
 + Level 4.0 Armour
 - Level 1.3 Dodging
 - Level 1.4 Stealth
 - Level 2.0 Spellcasting
 * Level 7.4 Necromancy


You had 2 spell levels left.
You knew the following spells:

 Your Spells              Type           Power      Damage    Failure   Level
a - Necrotise             Necr           100%       1d9       1%          1
q - Animate Dead          Necr           27%        N/A       21%         4
v - Vampiric Draining     Necr           27%        2d7       6%          3

Your spell library contained the following spells:

 Spells                   Type           Power      Damage    Failure   Level
 Kiss of Death            Conj/Necr      56%        2d9       10%         1
 Dispel Undead            Necr           27%        3d13      21%         4
 Curse of Agony           Necr           27%        N/A       50%         5
 Confusing Touch          Hex            1%         N/A       78%         3


Dungeon Overview and Level Annotations

Branches:
Dungeon (5/15)
 Temple: D:4-7

Altars:
Dithmenos
Fedhas
Gozag
Hepliaklqana
Uskayaw
Xom

Annotations:
D:4 1 runed translucent door, EvilEddieB's ghost, amateur DsNe


Innate Abilities, Weirdness & Mutations

Your spellcasting is much less encumbered by armour.
You can use scrolls of enchantment on lesser artefacts.
Your flesh is cold resistant. (rC+)
Your magical capacity is low. (-10% MP)
Your natural rate of healing is unusually fast.


Message History

You miscast Vampiric Draining.
You are very lightly contaminated with residual magic.
Nothing appears to happen.
The acid dragon bites you. The acid dragon claws you.
Casting: Vampiric Draining (dangerous; 6% risk of failure)
Confirm with . or Enter, or press ? or * to list all spells.
Aiming: Necrotise (safe; 1% risk of failure)
Press: ? - help, Shift-Dir - straight line, f/p - acid dragon
Aim: an acid dragon (severely wounded, chance to affect: 83%)
The acid dragon barely resists.
The acid dragon barely misses you.
The acid dragon claws you but does no damage.
Unknown command.
Casting: Necrotise (safe; 1% risk of failure)
Confirm with . or Enter, or press ? or * to list all spells.
Aiming: Necrotise (safe; 1% risk of failure)
Press: ? - help, Shift-Dir - straight line, f/p - acid dragon
Aim: an acid dragon (severely wounded, chance to affect: 83%)
The acid dragon writhes in agony.
The acid dragon spits acid at you. The splash of acid hits you!!
Ouch! That really hurt!
* * * LOW HITPOINT WARNING * * *
The acid corrodes you!
You hear a bellow! x2
Okay, then.
You hit the acid dragon but do no damage.
The acid dragon is almost dead.
The acid dragon bites you.
* * * LOW HITPOINT WARNING * * *
The acid dragon claws you.
* * * LOW HITPOINT WARNING * * *
Okay, then.
Blink to where?
Press: ? - help, Dir - move target, p - acid dragon
Found a scroll labelled ADAOSHR CAYCY.
As you read the scroll of blinking, it crumbles to dust.
The acid dragon spits acid at you. The splash of acid hits you!!
Ouch! That really hurt!
You die...

#######+#######
............?..
#......@.###############
#........##.............
#....!...##.############
#........##.#
#..).....##.#
#...D....##.# #
#........##.# #.
###ยง#######.###
#..####.# #.......#


You could see an acid dragon (catching breath).

Vanquished Creatures
  An ogre (D:5)
  A sky beast (D:4)
  A phantom (D:5)
  A gnoll sergeant (D:5)
  A scorpion (D:4)
  A bombardier beetle (D:5)
  A hound (D:4)
  3 orc priests
  An iguana (D:4)
  6 orc wizards
  4 gnolls (D:5)
  6 adders
  A white imp (D:5)
  A ribbon worm (D:2)
  3 dart slugs
  11 orcs
  7 ball pythons
  7 endoplasms
  6 giant cockroaches
  8 goblins
  6 hobgoblins
  5 jackals
  3 quokkas
  5 bats
  4 frilled lizards
  4 kobolds
  6 rats
104 creatures vanquished.

Vanquished Creatures (collateral kills)
  A gnoll (D:5)
  A ball python (D:4)
  A kobold (D:4)
3 creatures vanquished.

Vanquished Creatures (others)
  A hound (D:4)
  A hobgoblin (D:4)
  A quokka (D:4)
  2 goblins (D:4)
  3 kobolds (D:4)
8 creatures vanquished.

Grand Total: 115 creatures vanquished

Notes
Turn   | Place    | Note
-------+----------+-------------------------------------------
     0 | D:1      | pokedragonboy the Mountain Dwarf Necromancer began the
                  | quest for the Orb.
     0 | D:1      | Reached XP level 1. HP: 14/14 MP: 3/3
   293 | D:1      | Reached XP level 2. HP: 4/22 MP: 1/4
   508 | D:1      | Found a faded altar of an unknown god.
   651 | D:1      | Reached skill level 1 in Axes
   926 | D:1      | Reached skill level 1 in Fighting
   926 | D:1      | Reached skill level 1 in Armour
  1186 | D:2      | Reached XP level 3. HP: 28/28 MP: 4/6
  1226 | D:2      | Found a shadowy altar of Dithmenos.
  1724 | D:2      | Learned a level 3 spell: Vampiric Draining
  1761 | D:3      | Found a hazy altar of Hepliaklqana.
  2055 | D:3      | Reached skill level 5 in Necromancy
  2081 | D:3      | Reached XP level 4. HP: 35/35 MP: 3/7
  2819 | D:4      | Found a shimmering altar of Xom.
  2819 | D:4      | Noticed a scorpion
  2833 | D:4      | Killed a scorpion
  2834 | D:4      | Reached XP level 5. HP: 41/41 MP: 3/8
  2963 | D:4      | Found a hide-covered altar of Uskayaw.
  3076 | D:4      | Found a blossoming altar of Fedhas.
  3252 | D:4      | Gained mutation: Your natural rate of healing is unusually
                  | fast. [potion of mutation]
  3252 | D:4      | Gained mutation: Your magical capacity is low. (-10% MP)
                  | [potion of mutation]
  3252 | D:4      | Gained mutation: Your flesh is cold resistant. (rC+)
                  | [potion of mutation]
  3270 | D:5      | Entered Level 5 of the Dungeon
  3325 | D:5      | Learned a level 4 spell: Animate Dead
  3348 | D:5      | Reached skill level 6 in Necromancy
  3348 | D:5      | Reached XP level 6. HP: 50/50 MP: 2/8
  3568 | D:4      | Found a runed translucent door.
  3573 | D:4      | Noticed EvilEddieB's ghost (amateur DsNe)
  3590 | D:4      | Found an opulent altar of Gozag.
  3687 | D:4      | Noticed a sky beast
  3706 | D:4      | Killed a sky beast
  4523 | D:5      | Reached XP level 7. HP: 57/57 MP: 3/9
  4760 | D:5      | Reached skill level 7 in Necromancy
  5225 | D:5      | You fall into a shaft and drop 3 floors!
  5314 | D:8      | Killed from afar by an acid dragon

Illustrated notes

Levels and vault maps discovered:
D:1:      amcnicky_arrival_flooded_fountain, layout_loops_corners,
          ebering_ecumenical_altar_box, minmay_misc_feat_rugged
D:2:      layout_basic, basic_altar
D:3:      minmay_recursive_quarters, layout_basic, mainiacjoe_overflow_24_doors
D:4:      layout_cave_pools, fedhas_altar_1, kennysheep_mini,
          xom_confusion_cloud, nicolae_gozag_cash_rules_everything_around_me,
          ebering_ghost_reflecting_pool
D:5:      layout_rooms, serial_glass, glass_columns_a, glass_columns_a,
          glass_columns_a, glass_columns_c, glass_columns_b, glass_columns_a,
          glass_columns_b, glass_columns_a, st_stairs_14
D:8:      layout_basic, mainiacjoe_overflow_alcove_2, general_overflow_altar,
          fiery_altar_vehumet

Skill      XL: |  1  2  3  4  5  6  7 |
---------------+----------------------+-----
Spellcasting   | 2 |  2.0
Axes           | 1 2 3 4 |  4.4
Fighting       | 1 2 3 4 |  4.1
Armour         | 1 2 3 4 |  4.0
Necromancy     | 5 6 7 |  7.4
Dodging        | |  1.3
Stealth        | |  1.4

Action                     |  1- 3 |  4- 6 |  7- 9 || total
---------------------------+-------+-------+-------++-------
  Melee: Short sword       |    88 |    90 |       ||   178
         Unarmed           |     3 |     2 |       ||     5
         Hand axe          |       |    57 |    46 ||   103
         War axe           |       |       |     7 ||     7
   Cast: Necrotise         |    52 |    91 |    39 ||   182
         Vampiric Draining |       |       |     2 ||     2
    Use: Potion            |     1 |     2 |       ||     3
         Scroll            |       |     3 |     2 ||     5
   Stab: Confused          |       |     1 |       ||     1
         Distracted        |       |       |     2 ||     2
 Armour: Robe              |    79 |       |       ||    79
         Scale mail        |       |   228 |       ||   228
         Skin              |       |     1 |       ||     1
         Chain mail        |       |     3 |    77 ||    80
  Dodge: Dodged            |    72 |    76 |    11 ||   159

Table legend: (Time is in decaauts)
 A = Elapsed time spent in this place.
 B = Non-inter-level travel time spent in this place.
 C = Inter-level travel time spent in this place.
 D = Time resting spent in this place.
 E = Time spent auto-exploring this place.
 F = Levels seen in this place.
 G = Mean time per level.
                   A        B        C        D        E       F      G
               +--------+--------+--------+--------+--------+-----+--------+
         Total |   5331 |   5149 |    182 |   1058 |   2919 |   6 |  888.5 |
       Dungeon |   5331 |   5149 |    182 |   1058 |   2919 |   6 |  888.5 |
               +--------+--------+--------+--------+--------+-----+--------+

Top non-repeatable levels by time:
     D:4: 1775 daAuts
     D:3: 1059 daAuts
     D:1: 1050 daAuts
     D:2: 684 daAuts
     D:5: 671 daAuts
     D:8: 89 daAuts
